 Dungeon Crawl Stone Soup version 0.21.1-1-g345015f (webtiles) character file.

30 letownia2 the Chiller (level 3, 0/16 HPs)
             Began as a Vine Stalker Ice Elementalist on Feb 26, 2018.
             Slain by Grinder (3 damage)
             ... on level 3 of the Dungeon.
             The game lasted 00:03:18 (395 turns).

letownia2 the Chiller (VSIE)                         Turns: 395, Time: 00:03:19

Health: 0/16       AC:  3    Str: 10    XL:     3   Next: 18%
Magic:  0/7        EV: 11    Int: 16    God:
Gold:   32         SH:  0    Dex: 14    Spells: 2/6 levels left

rFire    . . .     SeeInvis .   e - +0 short sword
rCold    . . .     Gourm    .   (no shield)
rNeg     . . .     Faith    .   l - +0 leather armour
rPois    .         Spirit   +   (no helmet)
rElec    .         Reflect  .   (no cloak)
rCorr    .         Harm     .   (no gloves)
MR       .....                  (no boots)
Stlth    ++........             (no amulet)
HPRegen  0.05/turn              (no ring)
MPRegen  0.10/turn              (no ring)

@: no status effects
A: fangs 2, magic shield, antimagic bite, no potion heal 3, rot immunity
a: no special abilities


You were on level 3 of the Dungeon.
You were not hungry.

You visited 1 branch of the dungeon, and saw 3 of its levels.

You collected 32 gold pieces.

Inventory:

Hand Weapons
 e - a +0 short sword (weapon)
 i - a +0 hunting sling
Missiles
 h - 41 bolts
 j - 3 tomahawks (quivered)
Armour
 a - a +0 robe
 k - a +0 ring mail
 l - a +0 leather armour (worn)
Scrolls
 d - 2 scrolls of remove curse
 f - a scroll of enchant weapon {unknown}
 g - a scroll of teleportation {unknown}
Books
 b - a book of Frost

   Spells                             Type                      Level
   a - Freeze                         Ice                          1
   b - Throw Frost                    Conjuration/Ice              2
   c - Ozocubu's Armour               Charms/Ice                   3
   d - Throw Icicle                   Conjuration/Ice              4
   e - Summon Ice Beast               Ice/Summoning                4
Comestibles
 c - a ration


   Skills:
 - Level 1.5 Dodging
 - Level 2.4 Stealth
 - Level 2.1 Spellcasting
   Level 1.0 Conjurations
 + Level 4.2 Ice Magic


You had 2 spell levels left.
You knew the following spells:

 Your Spells              Type           Power        Failure   Level  Hunger
a - Freeze                Ice            ###.         4%          1    #......
o - Ozocubu's Armour      Chrm/Ice       #.......     34%         3    ###....


Dungeon Overview and Level Annotations

Branches:
Dungeon (3/15)

Altars:

Portals:
Sewer: D:3

Annotations:
D:3 Grinder


Innate Abilities, Weirdness & Mutations

You have extremely sharp teeth.
When hurt, damage is shared between your health and your magic reserves.
Your bite disrupts and absorbs the magic of your enemies.
Potions cannot restore your health.
You are immune to rotting.


Message History

Grinder hits you!
You writhe in agony.
* * * LOW HITPOINT WARNING * * *
You see here 22 stones.
Unknown command.
You aren't carrying any potions.
Unknown command.
Okay, then.
What are your orders? t - Shout!
Orders for allies: a - Attack new target. r - Retreat! s - Stop attacking. g - Guard the area. f - Follow me.
Anything else - Cancel.
Retreat in which direction?
Press: ? - help, Dir - move target cursor, f - you
Okay, then.
As you read the scroll labeled GULECAOPRE, it crumbles to dust.
You feel blessed for a moment.
It was a scroll of remove curse.
The goblin barely misses you. Grinder hits you.
You die...

#..#..# .# #..#..#
###### ... ..#..#
#..... .. #.#..#
#..###
.l.#.##.#..###..###
#......)....ยง...%.
######.#.......###
#.##########.#.......#
#.....5@g.l..#########
##############


You could see Grinder, a goblin and a frilled lizard.

Vanquished Creatures
  An adder (D:3)
  A dart slug (D:1)
  3 orcs (D:3)
  A giant cockroach (D:3)
  2 hobgoblins
  3 bats
  3 goblins
  2 kobolds
  A rat (D:2)
17 creatures vanquished.

Notes
Turn   | Place    | Note
-------+----------+-------------------------------------------
     0 | D:1      | letownia2 the Vine Stalker Ice Elementalist began the quest for the Orb.
     0 | D:1      | Reached XP level 1. HP: 9/9 MP: 4/4
   116 | D:2      | Reached XP level 2. HP: 12/13 MP: 1/6
   215 | D:3      | Reached skill level 4 in Ice Magic
   255 | D:3      | Found a glowing drain.
   284 | D:3      | Reached XP level 3. HP: 7/16 MP: 1/7
   324 | D:3      | Learned a level 3 spell: Ozocubu's Armour
   335 | D:3      | Noticed Grinder
   395 | D:3      | Slain by Grinder

Skill      XL: |  1  2 |
---------------+-------+-----
Ice Magic      | 4 |  4.2
Dodging        | |  1.5
Stealth        | |  2.4
Spellcasting   | |  2.1
Conjurations   | |  1.0

Action                   || total
-------------------------++-------
Melee: Unarmed           ||     3
       Bite              ||     2
       Short sword       ||     5
 Cast: Freeze            ||    25
  Use: Scroll            ||     1
 Stab: Sleeping          ||     2
Armor: Robe              ||     6
       Leather armour    ||     1
Dodge: Dodged            ||    22
